 Dungeon Crawl Stone Soup version 0.21.1-1-g345015f (webtiles) character file.

1817 Fang the Cleaver (level 9, -3/55 HPs)
             Began as a Gargoyle Berserker on June 10, 2018.
             Was an Elder of Trog.
             Slain by an orc warrior
             ... wielding a +0 trident
              (5 damage)
             ... on level 6 of the Dungeon.
             The game lasted 00:06:52 (4727 turns).

Fang the Cleaver (Gargoyle Berserker)               Turns: 4727, Time: 00:06:53

Health: -3/55      AC: 18    Str: 25    XL:     9   Next: 10%
Magic:  9/9        EV: 13    Int:  7    God:    Trog [****..]
Gold:   211        SH:  0    Dex:  9    Spells: 8/8 levels left

rFire    . . .     SeeInvis .   a - +1 hand axe
rCold    . . .     Gourm    .   (no shield)
rNeg     + . .     Faith    .   s - +2 leather armour {MR+}
rPois    ∞         Spirit   .   (no helmet)
rElec    +         Reflect  .   (no cloak)
rCorr    .         Harm     .   p - +2 pair of gloves
MR       +....                  (no boots)
Stlth    +.........             (no amulet)
HPRegen  0.18/turn              f - +3 ring of protection
MPRegen  0.11/turn              l - +1 ring of evasion

@: berserk cooldown, slowed, very slow
A: negative energy resistance 1, electricity resistance, unbreathing,
petrification resistance, rot immunity, AC +6
a: Berserk, Trog's Hand, Brothers in Arms, Burn Spellbooks, Renounce Religion


You were on level 6 of the Dungeon.
You worshipped Trog.
Trog was greatly pleased with you.
You were very hungry.

You visited 1 branch of the dungeon, and saw 6 of its levels.

You collected 211 gold pieces.

Inventory:

Hand Weapons
 a - a +1 hand axe (weapon)
Armour
 e - a +3 plate armour
 p - a +2 pair of gloves (worn)
 s - a +2 leather armour of magic resistance (worn)
Jewellery
 f - a +3 ring of protection (left hand)
 l - a +1 ring of evasion (right hand)
 n - an uncursed ring of magical power
Wands
 k - a wand of enslavement (10)
 o - a wand of disintegration (21)
 u - a wand of flame (15)
 x - a wand of iceblast (13)
Scrolls
 b - a scroll of enchant weapon
 h - 2 scrolls of magic mapping
 m - a scroll of remove curse
 q - a scroll of identify
Potions
 d - 5 potions of heal wounds
 g - a potion of mutation
 i - 2 potions of flight
 j - 2 potions of curing
 r - a potion of resistance {unknown}
 t - a potion of invisibility {unknown}
 w - a potion of ambrosia {unknown}
 z - a potion of agility {unknown}
Comestibles
 c - 9 rations


   Skills:
 + Level 6.1 Fighting
 + Level 8.6 Axes
 + Level 5.6 Armour
 + Level 2.5 Dodging
 + Level 0.7 Stealth


You had 8 spell levels left.
You didn't know any spells.

Dungeon Overview and Level Annotations

Branches:
Dungeon (6/15)             Temple (0/1) D:5

Altars:
Gozag
Hepliaklqana
Ru
Vehumet
Yredelemnul

Shops:
D:4 [   D:6 (


Innate Abilities, Weirdness & Mutations

You are resistant to torment.
Your stone body is resilient. (AC +6)
You are immune to poison.
You resist negative energy. (rN+)
You are resistant to electric shocks. (rElec)
You can survive without breathing.
You are immune to petrification.
You are immune to rotting.


Message History

The orc warrior barely misses you.
You hit the orc warrior.
The orc warrior is heavily wounded.
The orc warrior barely misses you.
You closely miss the orc warrior.
The orc warrior is heavily wounded.
The orc warrior hits you but does no damage.
The orc warrior hits you with a trident!
* * * LOW HITPOINT WARNING * * *
You hit the orc warrior.
The orc warrior is severely wounded.
The orc warrior barely misses you.
You hit the orc warrior.
The orc warrior is severely wounded.
The orc warrior hits you with a trident!
* * * LOW HITPOINT WARNING * * *
You closely miss the orc warrior.
The orc warrior is severely wounded.
The orc warrior hits you with a trident.
You die...

#.....#..........# ....
#####.#..........# ....
+.....#..........# .....
##...............# .....
#...........###). ......
#.††........###..
......##...........##...
........((.........##...
.......@['#........ #...
.......o###....... ####
........+ ...... ...
........# #..... ###
........# .... ........#
. ........# ........#


You could see an orc warrior.

Vanquished Creatures
  The ghost of Naiya55 the Basher, a novice MiBe of Trog (D:5)
  Eustachio (D:6)
  Edmund (D:4)
  2 ice beasts (D:6)
  An ogre (D:6)
  A centaur (D:5)
  2 scorpions
  A quasit (D:6)
  A hound (D:4)
  2 orc priests (D:6)
  6 orc wizards
  5 worker ants
  Robin (D:2)
  9 adders
  3 gnolls (D:3)
  2 oozes (D:1)
  4 worms
  4 leopard geckos
  23 orcs
  6 giant cockroaches
  12 goblins
  11 hobgoblins
  3 jackals (D:2)
  A ball python (D:1)
  7 bats
  8 frilled lizards
  9 kobolds
  11 rats
138 creatures vanquished.

Notes
Turn   | Place    | Note
-------+----------+-------------------------------------------
     0 | D:1      | Fang the Gargoyle Berserker began the quest for the Orb.
     0 | D:1      | Reached XP level 1. HP: 14/14 MP: 1/1
    80 | D:1      | Reached XP level 2. HP: 17/19 MP: 2/2
   141 | D:1      | Reached skill level 3 in Axes
   343 | D:1      | Reached XP level 3. HP: 24/24 MP: 3/3
   531 | D:2      | Reached ** piety under Trog
   568 | D:2      | Reached XP level 4. HP: 28/29 MP: 4/4
   714 | D:2      | Noticed Robin
   736 | D:2      | Killed Robin
   916 | D:2      | Reached skill level 4 in Axes
   916 | D:2      | Reached XP level 5. HP: 33/33 MP: 5/5
  1555 | D:2      | Found a sacrificial altar of Ru.
  1901 | D:3      | Found a basalt altar of Yredelemnul.
  1933 | D:3      | Reached *** piety under Trog
  2109 | D:3      | Reached XP level 6. HP: 38/38 MP: 6/6
  2221 | D:3      | Reached skill level 5 in Axes
  2527 | D:4      | Found Akhiniz's Armour Emporium.
  2607 | D:4      | Found a radiant altar of Vehumet.
  2685 | D:4      | Reached **** piety under Trog
  2715 | D:4      | Noticed Edmund
  2725 | D:4      | Killed Edmund
  2725 | D:4      | Reached XP level 7. HP: 44/44 MP: 7/7
  3180 | D:5      | Entered Level 5 of the Dungeon
  3298 | D:5      | Noticed Naiya55's ghost (novice MiBe)
  3314 | D:5      | Killed Naiya55's ghost
  3314 | D:5      | Reached skill level 5 in Fighting
  3314 | D:5      | Reached skill level 7 in Axes
  3314 | D:5      | Reached XP level 8. HP: 49/49 MP: 8/8
  3427 | D:5      | Found an opulent altar of Gozag.
  3491 | D:5      | Found a staircase to the Ecumenical Temple.
  3876 | D:6      | Noticed Eustachio
  3926 | D:6      | Killed Eustachio
  3926 | D:6      | Reached skill level 5 in Armour
  4074 | D:6      | Reached skill level 8 in Axes
  4146 | D:6      | Found Xorphusug's Antique Weapon Shoppe.
  4419 | D:6      | Reached XP level 9. HP: 30/55 MP: 9/9
  4628 | D:6      | Found a hazy altar of Hepliaklqana.
  4726 | D:6      | HP: 1/55 [orc warrior/trident (7)]
  4727 | D:6      | Slain by an orc warrior

Skill      XL: |  1  2  3  4  5  6  7  8 |
---------------+-------------------------+-----
Axes           | 3 4 5 7 8 |  8.6
Dodging        | 2 |  2.5
Armour         | 3 4 5 |  5.6
Fighting       | 4 5 6 |  6.1
Stealth        | |  0.7

Action                   |  1- 3 |  4- 6 |  7- 9 || total
-------------------------+-------+-------+-------++-------
Melee: Hand axe          |   122 |   241 |   202 ||   565
Invok: Berserk           |       |     3 |     5 ||     8
  Use: Scroll            |       |       |    14 ||    14
       Potion            |       |       |     2 ||     2
  Eat: Chunk             |       |     4 |     8 ||    12
       Ration            |       |     1 |     1 ||     2
Armor: Animal skin       |    23 |       |       ||    23
       Plate armour      |    64 |   217 |    65 ||   346
       Leather armour    |       |       |    53 ||    53
Dodge: Dodged            |    79 |   104 |   124 ||   307
